 Dungeon Crawl Stone Soup version 0.31-a0-188-g5e087ee2ca (webtiles) character file.

Game seed: 12851927699079422991

296 qw the Skirmisher (level 6, 0/35 HPs)
             Began as a Deep Elf Hunter on June 23, 2023.
             Slain by an orc priest
             ... wielding a +0 hand axe
              (7 damage)
             ... on level 4 of the Dungeon.
             The game lasted 00:00:54 (2520 turns).

qw the Skirmisher (Deep Elf Hunter)                 Turns: 2520, Time: 00:00:54

Health: 0/35       AC: 11    Str: 10    XL:     6   Next: 12%
Magic:  8/8        EV:  9    Int: 14    God:
Gold:   165        SH:  0    Dex: 21    Spells: 5/5 levels left

rFire   . . .        Y - +0 shortbow
rCold   . . .        (shield currently unavailable)
rNeg    . . .        f - +2 scale mail {rPois}
rPois   +            (no helmet)
rElec   .            (no cloak)
rCorr   .            (no gloves)
SInv    .            c - +2 pair of boots of Valiance {Regen+ Dex+3}
Will    .....        (no amulet)
Stlth   +            (no ring)
HPRegen 1.05/turn    (no ring)
MPRegen 0.11/turn

%: no passive effects
@: no status effects
A: no striking features
a: no special abilities


You were on level 4 of the Dungeon.
You visited 1 branch of the dungeon, and saw 5 of its levels.

You collected 165 gold pieces.


   Skills:
 - Level 2.2 Fighting
 + Level 9.0 Ranged Weapons
 - Level 1.0 Armour
 - Level 2.9 Dodging
 - Level 1.2 Stealth


You had 5 spell levels left.
You didn't know any spells.
Your spell library was empty.

Inventory:

Hand Weapons
 Y - a +0 shortbow (weapon)
Armour
 c - the +2 pair of boots of Valiance (worn) {Regen+ Dex+3}
   (You acquired it on level 2 of the Dungeon)

   Dex:       It affects your dexterity (+3).
   Regen:     It increases your rate of health regeneration.
 f - a +2 scale mail of poison resistance (worn)
Scrolls
 a - a scroll of identify
Potions
 d - a potion of might

Dungeon Overview and Level Annotations

Branches:
Dungeon (5/15)
 Temple: D:4-7

Altars:
Trog

Shops:
D:1 (

Annotations:
D:4 Menkaure


Message History

You shoot an arrow. The arrow barely misses the orc wizard.
The orc wizard gestures at you while chanting.
You resist with some effort.
You shoot an arrow. The arrow hits the orc wizard!
The orc wizard is heavily wounded.
You shoot an arrow.
The arrow closely misses the orc wizard.
The orc priest invokes the aid of Beogh against you.
Beogh smites you!
The orc wizard hits you but does no damage.
You shoot an arrow.
The arrow closely misses the orc wizard.
The orc priest hits you with a +0 hand axe.
The orc wizard hits you but does no damage.
You shoot an arrow. The arrow hits the orc wizard.
The orc wizard is heavily wounded.
The orc priest calls upon Beogh to heal the orc wizard.
The orc wizard is healed somewhat.
The orc wizard barely misses you.
The orc priest invokes the aid of Beogh against you.
Pain shoots through your body!
The orc wizard hits you but does no damage.
You shoot an arrow. The arrow barely misses the orc wizard.
The orc priest closely misses you. The orc wizard barely misses you.
You shoot an arrow. The arrow hits the orc wizard!
The orc wizard is severely wounded.
The orc priest mumbles some strange prayers to Beogh against you.
Pain shoots through your body!
The orc wizard hits you but does no damage.
You shoot an arrow. The arrow hits the orc wizard.
The orc wizard is almost dead.
The orc priest hits you but does no damage.
The orc wizard barely misses you.
You shoot an arrow. The arrow hits the orc wizard!
You kill the orc wizard!
The orc priest hits you but does no damage.
The orc priest closely misses you. The orc hits you with a +0 flail.
Your Armour skill increases to level 1!
You shoot an arrow. The arrow barely misses the orc priest.
The orc priest hits you with a +0 hand axe!
You die...

## #.##
...####
.......
......#
.......
..##.###o..#
#......@o..#
####.######.#


You could see an orc priest and an orc.

Vanquished Creatures
  A sky beast (D:5)
  A scorpion (D:5)
  A hound (D:4)
  An orc wizard (D:4)
  2 adders (D:4)
  2 worms (D:2)
  3 dart slugs
  4 orcs
  8 endoplasms
  2 giant cockroaches (D:3)
  7 hobgoblins
  2 quokkas (D:3)
  4 ball pythons
  5 bats
  2 frilled lizards
  7 goblins
  3 kobolds
  7 rats
62 creatures vanquished.

Notes
Turn   | Place    | Note
-------+----------+-------------------------------------------
     0 | D:1      | qw the Deep Elf Hunter began the quest for the Orb.
     0 | D:1      | Reached XP level 1. HP: 12/12 MP: 3/3
     0 | D:1      | 0 ||| qw: Version: 0.3-a-9-g12657ce
     0 | D:1      | 0 ||| qw: Game counter: 3931
     0 | D:1      | 0 ||| qw: Always use a shield: true
     0 | D:1      | 0 ||| qw: God list: Okawaru
     0 | D:1      | 0 ||| qw: Allow faded altars: false
     0 | D:1      | 0 ||| qw: Do Orc after D:15 true
     0 | D:1      | 0 ||| qw: Do second Lair branch before Depths: true
     0 | D:1      | 0 ||| qw: Lair rune preference: random
     0 | D:1      | 0 ||| qw: Plans: Normal
     0 | D:1      | 0 ||| PLANNING D:1-11
    88 | D:1      | Found Yteunt's Antique Weapon Shop.
   180 | D:1      | Reached skill level 6 in Ranged Weapons
   180 | D:1      | Reached XP level 2. HP: 16/16 MP: 4/4
   366 | D:1      | Found a faded altar of an unknown god.
   796 | D:1      | 796 ||| READING 4 scrolls labelled FUGUEWKECRO.
   797 | D:1      | 797 ||| READING scroll labelled REIQEPR LUECVOBUNE.
   798 | D:1      | 798 ||| DROPPING scroll of butterflies.
   868 | D:2      | Reached XP level 3. HP: 20/20 MP: 5/5
  1606 | D:2      | 1606 ||| UPGRADING to +0 ring mail.
  1616 | D:2      | 1616 ||| DROPPING +0 leather armour.
  1617 | D:2      | 1617 ||| READING scroll labelled PEYF OXISMU.
  1617 | D:2      | Identified a scroll of acquirement
  1617 | D:2      | 1617 ||| ACQUIRING +2 pair of boots of Valiance {Regen+
                  | Dex+3}
  1617 | D:2      | Acquired the +2 pair of boots of Valiance {Regen+ Dex+3}
  1619 | D:2      | 1619 ||| UPGRADING to +2 pair of boots of Valiance {Regen+
                  | Dex+3}.
  1718 | D:3      | Reached skill level 7 in Ranged Weapons
  1764 | D:3      | You fall into a shaft and drop 2 floors!
  1764 | D:5      | Entered Level 5 of the Dungeon
  1877 | D:5      | Noticed a scorpion
  1888 | D:5      | Killed a scorpion
  1889 | D:5      | Reached XP level 4. HP: 23/25 MP: 6/6
  1924 | D:5      | Reached skill level 8 in Ranged Weapons
  1925 | D:5      | Noticed a sky beast
  1941 | D:5      | Killed a sky beast
  1942 | D:5      | Reached skill level 9 in Ranged Weapons
  1942 | D:5      | Reached XP level 5. HP: 29/29 MP: 7/7
  1943 | D:5      | 1943 ||| READING 3 scrolls of identify.
  1943 | D:5      | 1943 ||| IDENTIFYING black potion
  2001 | D:3      | 2001 ||| Stepping ~*~*~tactically~*~*~ (outnumbered).
  2359 | D:3      | Found a bloodstained altar of Trog.
  2417 | D:3      | 2417 ||| UPGRADING to +2 scale mail of poison resistance.
  2427 | D:3      | 2427 ||| DROPPING +0 ring mail.
  2428 | D:3      | 2428 ||| READING scroll labelled YCUAKK DEAW.
  2429 | D:3      | 2429 ||| READING 2 scrolls labelled ESEJYXT UTEJEPS.
  2434 | D:3      | 2434 ||| READING 2 scrolls of identify.
  2434 | D:3      | 2434 ||| IDENTIFYING golden potion
  2494 | D:4      | Reached XP level 6. HP: 35/35 MP: 8/8
  2495 | D:4      | Noticed Menkaure
  2504 | D:4      | HP: 8/35 [??? (5)]
  2505 | D:4      | 2505 ||| READING scroll of teleportation.
  2507 | D:4      | 2507 ||| DRINKING potion of heal wounds.
  2519 | D:4      | HP: 5/35 [orc/+0 flail (6)]
  2520 | D:4      | Reached skill level 1 in Armour
  2520 | D:4      | Slain by an orc priest

Levels and vault maps discovered:
D:1:      ncdulo_lavacross, layout_basic, basic_ecumenical_altar, serial_shops,
          shop
D:2:      layout_loops_corners
D:3:      layout_basic, lemuel_coloured_pillars_altar,
          minmay_misc_feat_secret_circle, minmay_misc_feat_rows,
          hangedman_abyss_or_decor_lesser_grid
D:4:      layout_loops_cross, nicolae_wu_jian_wuxing_cycle, uniq_menkaure
D:5:      layout_basic, dk_yredelemnul_ordeal

Skill      XL: |  1  2  3  4  5  6 |
---------------+-------------------+-----
Ranged Weapons | 6 7 9 |  9.0
Fighting       | 2 |  2.2
Armour         | 1 |  1.0
Dodging        | |  2.9
Stealth        | |  1.2

Action                     |  1- 3 |  4- 6 || total
---------------------------+-------+-------++-------
   Fire: Shortbow          |    95 |   113 ||   208
    Use: Scroll            |     3 |     5 ||     8
         Potion            |       |     1 ||     1
 Armour: Leather armour    |     2 |       ||     2
         Ring mail         |     3 |    26 ||    29
         Scale mail        |       |    15 ||    15
  Dodge: Dodged            |    11 |    31 ||    42

Table legend:
 A = Non-vault XP
 B = Vault XP
 C = Vault XP percentage of total XP
 D = Non-vault monster count
 E = Vault monster count
 F = Vault count percentage of total count
                 A         B        C        D         E       F
            +---------+---------+-------+---------+---------+-------
      Total |     423 |       0 |   0.0 |      62 |       0 |   0.0
            +---------+---------+-------+---------+---------+-------
        D:1 |      34 |       0 |   0.0 |      19 |       0 |   0.0
        D:2 |      26 |       0 |   0.0 |      12 |       0 |   0.0
        D:3 |      38 |       0 |   0.0 |      21 |       0 |   0.0
        D:4 |     109 |       0 |   0.0 |       6 |       0 |   0.0
        D:5 |     216 |       0 |   0.0 |       4 |       0 |   0.0
            +---------+---------+-------+---------+---------+-------
